[ AOE2 MATCH · #495354067 ]
UnrankedBurgundians vs Sicilians
[ REPLAY ANALYSIS · EXTRACTED FROM THE RECORDED GAME ]
Feudal
11:58
Castle
16:07
Imperial
—
| APM avg | 64.4 |
| APM peak | 119 |
| eAPM avg | 29.1 |
| Villagers / military | 93 / 12 |
Focus
⚔️ 18.9% · 🌾 81.1%
Unknown (2626) ×26 · Fishing Ship ×13 · Knight ×8 · Spearman ×2 · Fire Galley ×2
Feudal
11:05
Castle
15:06
Imperial
—
| APM avg | 65.7 |
| APM peak | 104 |
| eAPM avg | 46.7 |
| Villagers / military | 136 / 72 |
Focus
⚔️ 54.8% · 🌾 45.2%
Serjeant ×49 · Unknown (2626) ×26 · Fishing Ship ×12 · Battering Ram ×10 · Galley ×8 · Fire Galley ×4
Feudal
10:01
Castle
19:35
Imperial
—
| APM avg | 27.0 |
| APM peak | 53 |
| eAPM avg | 16.6 |
| Villagers / military | 53 / 20 |
Focus
⚔️ 30.1% · 🌾 69.9%
Unknown (2626) ×15 · Skirmisher ×9 · Fishing Ship ×7 · Fire Galley ×6 · Demolition Raft ×3 · Samurai ×2
Feudal
8:14
Castle
17:53
Imperial
—
| APM avg | 53.4 |
| APM peak | 81 |
| eAPM avg | 24.8 |
| Villagers / military | 130 / 39 |
Focus
⚔️ 30.4% · 🌾 69.6%
Elephant Archer ×29 · Monk ×4 · Scout Cavalry ×4 · Archer ×1 · Spearman ×1
Match map
Initial resources + every placement click. Lines = walls · curves = elevation contours. ◆ gold · ⬟ stone · ● berries · ✦ relic · ◌ wall gap
Your base· Open — 6t gap
TAG_Sitaux's base· ✓ Closed at 15:06 · 34t walls · no gate
[BieSt] Bienenkönigin's base· Open — 4t gap
Smiley's base· ✓ Closed at 17:53 · 15t walls · 1 gate(s)
Smoothed initial terrain · ◌ = detected wall gap · hover for details
Inputs per minute
— Mongolsbiene - - TAG_Sitaux
Build order — Mongolsbiene
First 150 of 243 actions detected
| 0:00 | Create | Villager (Male) |
| 0:01 | Create | Villager (Male) |
| 0:01 | Create | Villager (Male) |
| 0:02 | Build | House |
| 0:04 | Research | Loom |
| 0:05 | Build | House |
| 0:14 | Create | Villager (Male) |
| 0:14 | Create | Villager (Male) |
| 0:20 | Create | Villager (Male) |
| 0:30 | Create | Villager (Male) |
| 1:19 | Create | Villager (Male) |
| 1:19 | Create | Villager (Male) |
| 1:21 | Build | Lumber Camp |
| 1:45 | Create | Villager (Male) |
| 1:46 | Create | Villager (Male) |
| 2:15 | Create | Villager (Male) |
| 2:52 | Create | Villager (Male) |
| 3:04 | Build | House |
| 3:55 | Create | Villager (Male) |
| 3:55 | Create | Villager (Male) |
| 3:58 | Create | Villager (Male) |
| 4:03 | Build | Dock |
| 4:19 | Create | Villager (Male) |
| 4:22 | Build | Palisade Wall |
| 4:32 | Build | House |
| 4:40 | Create | Villager (Male) |
| 4:57 | Build | House |
| 4:58 | Create | Fishing Ship |
| 5:29 | Create | Fishing Ship |
| 5:38 | Create | Villager (Male) |
| 5:54 | Build | Palisade Wall |
| 5:59 | Create | Fishing Ship |
| 6:20 | Create | Villager (Male) |
| 6:53 | Create | Villager (Male) |
| 7:05 | Create | Fishing Ship |
| 7:20 | Create | Villager (Male) |
| 7:23 | Build | House |
| 7:26 | Build | Mill |
| 7:38 | Build | Mill |
| 7:42 | Create | Villager (Male) |
| 7:49 | Create | Villager (Male) |
| 7:53 | Create | Fishing Ship |
| 8:12 | Create | Villager (Male) |
| 8:34 | Build | Lumber Camp |
| 9:02 | Create | Villager (Male) |
| 9:04 | Build | House |
| 9:39 | Build | Dock |
| 9:40 | Build | House |
| 9:48 | Research | Feudal Age |
| 9:58 | Build | Mining Camp |
| 10:39 | Create | Fishing Ship |
| 10:40 | Create | Fishing Ship |
| 10:47 | Build | House |
| 10:54 | Create | Fishing Ship |
| 11:39 | Build | House |
| 11:44 | Create | Villager (Male) |
| 11:58 | Age | Feudal Age |
| 12:01 | Build | Market |
| 12:06 | Build | Blacksmith |
| 12:11 | Build | House |
| 12:13 | Create | Fishing Ship |
| 12:13 | Create | Fishing Ship |
| 12:25 | Create | Villager (Male) |
| 12:36 | Build | Barracks |
| 13:07 | Build | House |
| 13:12 | Build | Palisade Wall |
| 13:12 | Build | Palisade Wall |
| 13:16 | Create | Villager (Male) |
| 13:27 | Research | Castle Age |
| 13:27 | Research | Castle Age |
| 13:29 | Create | Spearman |
| 13:41 | Build | House |
| 13:57 | Create | Spearman |
| 13:58 | Create | Villager (Male) |
| 14:20 | Create | Unit 2626 |
| 14:20 | Create | Unit 2626 |
| 14:21 | Create | Unit 2626 |
| 15:01 | Create | Villager (Male) |
| 15:10 | Create | Unit 2626 |
| 15:18 | Build | Dock |
| 16:06 | Create | Fire Galley |
| 16:07 | Create | Fire Galley |
| 16:07 | Age | Castle Age |
| 16:22 | Build | Market |
| 16:24 | Build | House |
| 16:26 | Create | Villager (Male) |
| 16:32 | Build | Town Center |
| 16:50 | Create | Villager (Male) |
| 16:56 | Build | House |
| 17:09 | Research | War Galley (upgrade) |
| 17:10 | Create | Unit 2626 |
| 17:20 | Create | Unit 2626 |
| 17:23 | Create | Villager (Male) |
| 17:29 | Create | Villager (Male) |
| 17:50 | Build | House |
| 17:55 | Create | Villager (Male) |
| 18:15 | Create | Villager (Male) |
| 18:15 | Create | Villager (Male) |
| 18:43 | Create | Unit 2626 |
| 18:43 | Create | Unit 2626 |
| 18:43 | Create | Unit 2626 |
| 18:43 | Create | Unit 2626 |
| 18:44 | Create | Villager (Male) |
| 18:44 | Create | Villager (Male) |
| 19:00 | Create | Villager (Male) |
| 19:08 | Build | Town Center |
| 19:17 | Create | Unit 2626 |
| 19:17 | Create | Unit 2626 |
| 19:20 | Build | House |
| 19:28 | Create | Unit 2626 |
| 19:39 | Create | Villager (Male) |
| 19:39 | Create | Villager (Male) |
| 19:40 | Create | Villager (Male) |
| 19:40 | Create | Villager (Male) |
| 19:40 | Create | Villager (Male) |
| 19:52 | Create | Villager (Male) |
| 19:52 | Create | Villager (Male) |
| 20:01 | Create | Fishing Ship |
| 20:01 | Create | Fishing Ship |
| 20:01 | Create | Fishing Ship |
| 20:37 | Create | Villager (Male) |
| 20:37 | Create | Villager (Male) |
| 20:58 | Create | Villager (Male) |
| 21:44 | Create | Unit 2626 |
| 21:44 | Create | Unit 2626 |
| 21:44 | Create | Unit 2626 |
| 21:49 | Build | House |
| 22:09 | Create | Villager (Male) |
| 22:17 | Build | Farm |
| 22:17 | Build | Farm |
| 22:17 | Build | Farm |
| 22:17 | Build | Farm |
| 22:17 | Build | Farm |
| 22:20 | Build | Farm |
| 22:21 | Build | Farm |
| 22:22 | Build | Farm |
| 22:23 | Build | Farm |
| 22:24 | Build | Farm |
| 22:42 | Create | Villager (Male) |
| 22:42 | Create | Villager (Male) |
| 22:49 | Build | Farm |
| 23:05 | Create | Unit 2626 |
| 23:05 | Create | Unit 2626 |
| 23:07 | Create | Villager (Male) |
| 23:07 | Create | Villager (Male) |
| 23:31 | Create | Villager (Male) |
| 23:32 | Create | Villager (Male) |
| 23:32 | Create | Villager (Male) |
| 23:47 | Create | Unit 2626 |
| 23:47 | Create | Unit 2626 |
Build order — TAG_Sitaux
First 150 of 415 actions detected
| 0:01 | Create | Villager (Male) |
| 0:01 | Create | Villager (Male) |
| 0:02 | Build | House |
| 0:05 | Build | House |
| 0:06 | Research | Loom |
| 0:07 | Research | Loom |
| 0:13 | Create | Villager (Male) |
| 0:17 | Create | Villager (Male) |
| 0:17 | Create | Villager (Male) |
| 0:18 | Create | Villager (Male) |
| 0:18 | Create | Villager (Male) |
| 0:58 | Create | Villager (Male) |
| 1:26 | Build | Lumber Camp |
| 1:43 | Create | Villager (Male) |
| 1:43 | Create | Villager (Male) |
| 1:56 | Create | Villager (Male) |
| 2:31 | Create | Villager (Male) |
| 2:45 | Build | House |
| 3:11 | Create | Villager (Male) |
| 3:11 | Create | Villager (Male) |
| 3:24 | Create | Villager (Male) |
| 4:04 | Create | Villager (Male) |
| 4:07 | Build | House |
| 4:13 | Build | Dock |
| 4:14 | Build | Palisade Wall |
| 4:15 | Build | Palisade Wall |
| 4:53 | Create | Fishing Ship |
| 4:58 | Create | Villager (Male) |
| 4:59 | Create | Villager (Male) |
| 5:05 | Build | Dock |
| 5:16 | Create | Villager (Male) |
| 5:16 | Create | Villager (Male) |
| 5:25 | Build | Palisade Wall |
| 5:26 | Build | Palisade Wall |
| 5:33 | Create | Fishing Ship |
| 5:39 | Create | Villager (Male) |
| 5:59 | Create | Fishing Ship |
| 6:06 | Create | Fishing Ship |
| 6:09 | Create | Villager (Male) |
| 6:36 | Create | Fishing Ship |
| 6:47 | Create | Fishing Ship |
| 6:50 | Create | Villager (Male) |
| 7:00 | Create | Villager (Male) |
| 7:14 | Create | Villager (Male) |
| 7:15 | Create | Fishing Ship |
| 7:25 | Create | Villager (Male) |
| 7:32 | Create | Fishing Ship |
| 7:49 | Create | Fishing Ship |
| 7:53 | Build | House |
| 7:54 | Build | Palisade Wall |
| 7:56 | Build | Palisade Wall |
| 7:58 | Create | Villager (Male) |
| 8:17 | Create | Fishing Ship |
| 8:30 | Create | Villager (Male) |
| 8:41 | Create | Fishing Ship |
| 8:55 | Research | Feudal Age |
| 9:04 | Build | Palisade Wall |
| 9:04 | Build | Palisade Wall |
| 9:11 | Build | Mining Camp |
| 9:39 | Build | House |
| 9:40 | Build | Palisade Wall |
| 9:47 | Build | Mill |
| 10:21 | Create | Villager (Male) |
| 10:42 | Build | Palisade Wall |
| 11:05 | Age | Feudal Age |
| 11:05 | Build | Palisade Wall |
| 11:07 | Create | Villager (Male) |
| 11:12 | Create | Unit 2626 |
| 11:20 | Build | Palisade Wall |
| 11:27 | Build | Palisade Wall |
| 11:33 | Create | Villager (Male) |
| 11:37 | Build | Market |
| 11:41 | Build | Blacksmith |
| 11:58 | Create | Unit 2626 |
| 12:17 | Research | Double-Bit Axe |
| 12:26 | Research | Castle Age |
| 12:27 | Research | Castle Age |
| 12:33 | Create | Unit 2626 |
| 12:52 | Create | Unit 2626 |
| 13:26 | Create | Unit 2626 |
| 13:49 | Create | Unit 2626 |
| 13:57 | Research | Tech 906 |
| 13:57 | Research | Tech 906 |
| 14:01 | Build | Palisade Wall |
| 14:02 | Build | Palisade Wall |
| 14:22 | Research | Forging |
| 14:26 | Build | Palisade Wall |
| 14:28 | Build | Palisade Wall |
| 15:06 | Age | Castle Age |
| 15:14 | Research | War Galley (upgrade) |
| 15:30 | Create | Villager (Male) |
| 15:32 | Build | Town Center |
| 15:45 | Create | Villager (Male) |
| 15:50 | Build | Town Center |
| 16:06 | Create | Villager (Male) |
| 16:23 | Create | Villager (Male) |
| 16:25 | Create | Unit 2626 |
| 16:31 | Create | Villager (Male) |
| 16:35 | Create | Villager (Male) |
| 16:41 | Create | Villager (Male) |
| 16:41 | Create | Villager (Male) |
| 16:48 | Create | Unit 2626 |
| 16:53 | Create | Villager (Male) |
| 16:53 | Create | Villager (Male) |
| 16:53 | Create | Villager (Male) |
| 16:58 | Create | Villager (Male) |
| 17:07 | Create | Villager (Male) |
| 17:15 | Create | Villager (Male) |
| 17:19 | Research | Horse Collar |
| 17:20 | Research | Horse Collar |
| 17:20 | Research | Bow Saw |
| 17:27 | Create | Villager (Male) |
| 17:28 | Create | Unit 2626 |
| 17:36 | Build | Farm |
| 17:37 | Build | Farm |
| 17:38 | Build | Farm |
| 17:40 | Build | House |
| 17:48 | Create | Villager (Male) |
| 17:50 | Build | Farm |
| 17:53 | Build | Farm |
| 17:56 | Build | Farm |
| 17:56 | Create | Villager (Male) |
| 18:02 | Create | Villager (Male) |
| 18:07 | Create | Unit 2626 |
| 18:12 | Create | Villager (Male) |
| 18:17 | Build | House |
| 18:17 | Build | House |
| 18:20 | Build | Farm |
| 18:24 | Create | Villager (Male) |
| 18:34 | Create | Unit 2626 |
| 18:43 | Create | Villager (Male) |
| 18:44 | Create | Villager (Male) |
| 18:45 | Build | Farm |
| 18:55 | Create | Unit 2626 |
| 19:01 | Create | Villager (Male) |
| 19:03 | Build | Farm |
| 19:04 | Build | Farm |
| 19:05 | Build | Farm |
| 19:06 | Build | House |
| 19:15 | Create | Villager (Male) |
| 19:15 | Create | Villager (Male) |
| 19:16 | Create | Unit 2626 |
| 19:27 | Create | Villager (Male) |
| 19:29 | Create | Villager (Male) |
| 19:34 | Build | Town Center |
| 19:35 | Create | Villager (Male) |
| 19:35 | Create | Villager (Male) |
| 19:45 | Create | Unit 2626 |
| 19:46 | Create | Villager (Male) |
| 19:51 | Create | Unit 2626 |
Build order — [BieSt] Bienenkönigin
First 150 of 156 actions detected
| 0:00 | Create | Villager (Male) |
| 0:00 | Create | Villager (Male) |
| 0:01 | Create | Villager (Male) |
| 0:03 | Build | House |
| 0:04 | Build | House |
| 0:07 | Research | Loom |
| 0:08 | Create | Villager (Male) ×4 |
| 0:08 | Create | Villager (Male) |
| 1:02 | Build | Lumber Camp |
| 1:16 | Create | Villager (Male) |
| 2:01 | Create | Villager (Male) |
| 2:01 | Create | Villager (Male) |
| 2:22 | Create | Villager (Male) |
| 2:26 | Build | House |
| 3:01 | Create | Villager (Male) |
| 3:02 | Create | Villager (Male) |
| 3:08 | Build | House |
| 3:37 | Create | Villager (Male) |
| 3:37 | Create | Villager (Male) |
| 3:50 | Build | Dock |
| 3:52 | Build | Palisade Wall |
| 3:55 | Build | House |
| 3:55 | Build | Palisade Wall |
| 4:38 | Create | Villager (Male) |
| 4:38 | Create | Villager (Male) |
| 4:38 | Create | Villager (Male) |
| 4:46 | Build | Mill |
| 4:51 | Create | Villager (Male) |
| 5:12 | Create | Villager (Male) |
| 5:35 | Create | Villager (Male) |
| 5:39 | Create | Fishing Ship |
| 5:57 | Create | Villager (Male) |
| 6:16 | Create | Fishing Ship |
| 6:32 | Build | Mining Camp |
| 6:42 | Create | Fishing Ship |
| 7:35 | Create | Fishing Ship |
| 7:52 | Research | Feudal Age |
| 8:17 | Build | House |
| 8:24 | Build | Dock |
| 9:00 | Create | Villager (Male) |
| 9:00 | Create | Villager (Male) |
| 9:24 | Build | Dock |
| 9:56 | Create | Villager (Male) |
| 10:01 | Age | Feudal Age |
| 10:06 | Create | Unit 2626 |
| 10:07 | Create | Unit 2626 |
| 10:18 | Create | Unit 2626 |
| 10:42 | Build | House |
| 10:45 | Build | Palisade Wall |
| 11:26 | Create | Unit 2626 |
| 11:28 | Create | Fire Galley |
| 11:30 | Create | Villager (Male) |
| 11:31 | Create | Villager (Male) |
| 11:54 | Create | Fire Galley |
| 11:55 | Create | Fire Galley |
| 11:56 | Create | Villager (Male) |
| 11:56 | Create | Villager (Male) |
| 12:04 | Build | House |
| 12:06 | Build | Palisade Wall |
| 12:07 | Build | Palisade Wall |
| 12:25 | Build | House |
| 12:29 | Build | Palisade Wall |
| 12:36 | Build | House |
| 12:39 | Build | House |
| 12:46 | Create | Villager (Male) |
| 12:47 | Create | Villager (Male) |
| 12:59 | Build | Farm |
| 13:54 | Create | Unit 2626 |
| 13:57 | Create | Villager (Male) |
| 13:58 | Create | Villager (Male) |
| 14:46 | Create | Villager (Male) |
| 14:46 | Create | Villager (Male) |
| 14:55 | Build | Lumber Camp |
| 15:31 | Create | Villager (Male) |
| 15:31 | Create | Villager (Male) |
| 15:32 | Create | Villager (Male) |
| 15:37 | Build | Market |
| 15:50 | Build | Palisade Wall |
| 16:18 | Build | Blacksmith |
| 16:42 | Create | Unit 2626 |
| 16:42 | Create | Unit 2626 |
| 16:47 | Research | Castle Age |
| 16:47 | Research | Castle Age |
| 17:12 | Build | House |
| 17:13 | Build | House |
| 17:18 | Create | Unit 2626 |
| 17:56 | Create | Unit 2626 |
| 17:57 | Create | Unit 2626 |
| 17:59 | Create | Unit 2626 |
| 18:31 | Create | Unit 2626 |
| 18:32 | Create | Unit 2626 |
| 18:32 | Create | Unit 2626 |
| 18:56 | Create | Fire Galley |
| 18:56 | Create | Fire Galley |
| 18:57 | Create | Fire Galley |
| 19:35 | Age | Castle Age |
| 19:36 | Research | War Galley (upgrade) |
| 20:31 | Create | Villager (Male) |
| 20:31 | Create | Villager (Male) |
| 20:31 | Create | Villager (Male) |
| 20:54 | Create | Villager (Male) |
| 20:54 | Create | Villager (Male) |
| 20:56 | Create | Fishing Ship |
| 20:57 | Create | Fishing Ship |
| 20:57 | Create | Fishing Ship |
| 21:22 | Build | Town Center |
| 21:32 | Build | Town Center |
| 21:47 | Create | Villager (Male) |
| 21:47 | Create | Villager (Male) |
| 21:48 | Create | Villager (Male) |
| 21:48 | Create | Villager (Male) |
| 21:54 | Build | Stone Wall |
| 23:09 | Build | Barracks |
| 23:13 | Research | Padded Archer Armor |
| 24:02 | Create | Demolition Raft |
| 24:02 | Create | Demolition Raft |
| 24:03 | Create | Demolition Raft |
| 24:04 | Research | Tech 905 |
| 24:11 | Create | Unit 2626 |
| 24:14 | Create | Villager (Male) |
| 24:14 | Create | Villager (Male) |
| 24:15 | Create | Villager (Male) |
| 24:18 | Build | House |
| 24:19 | Build | House |
| 24:26 | Build | Archery Range |
| 24:27 | Build | Archery Range |
| 24:48 | Create | Villager (Male) |
| 24:48 | Create | Villager (Male) |
| 25:28 | Build | Castle |
| 26:08 | Create | Skirmisher |
| 26:09 | Create | Skirmisher |
| 26:10 | Research | Elite Skirmisher (upgrade) |
| 26:39 | Build | Farm |
| 26:39 | Build | Farm |
| 26:40 | Build | Farm |
| 26:40 | Build | Farm |
| 26:40 | Build | Farm |
| 26:40 | Build | Farm |
| 26:41 | Build | Farm |
| 26:41 | Build | Farm |
| 27:05 | Build | House |
| 27:18 | Create | Skirmisher |
| 27:19 | Create | Skirmisher |
| 28:31 | Build | Castle |
| 28:44 | Build | Castle |
| 28:55 | Build | Mining Camp |
| 29:04 | Create | Skirmisher |
| 29:04 | Create | Skirmisher |
| 29:04 | Create | Skirmisher |
| 29:15 | Research | Wheelbarrow |
Build order — Smiley
First 150 of 274 actions detected
| 0:00 | Create | Villager (Male) |
| 0:01 | Create | Villager (Male) |
| 0:01 | Create | Villager (Male) |
| 0:02 | Build | House |
| 0:04 | Research | Loom |
| 0:15 | Create | Villager (Male) |
| 0:15 | Create | Villager (Male) |
| 0:22 | Build | House |
| 0:33 | Create | Villager (Male) |
| 0:37 | Create | Villager (Male) |
| 1:27 | Build | Lumber Camp |
| 1:34 | Create | Villager (Male) |
| 2:03 | Create | Villager (Male) |
| 2:29 | Create | Villager (Male) |
| 2:29 | Create | Villager (Male) |
| 3:02 | Build | Mill |
| 3:05 | Create | Villager (Male) |
| 3:27 | Create | Villager (Male) |
| 3:35 | Build | House |
| 3:50 | Create | Villager (Male) |
| 3:50 | Create | Villager (Male) |
| 4:46 | Create | Villager (Male) |
| 4:46 | Create | Villager (Male) |
| 4:49 | Build | House |
| 5:39 | Create | Villager (Male) |
| 6:04 | Research | Feudal Age |
| 6:56 | Create | Villager (Male) |
| 7:05 | Build | Barracks |
| 8:14 | Age | Feudal Age |
| 8:18 | Build | Stable |
| 8:20 | Research | Double-Bit Axe |
| 8:21 | Create | Villager (Male) |
| 8:41 | Research | Horse Collar |
| 8:43 | Build | House |
| 8:55 | Create | Villager (Male) |
| 9:00 | Build | Palisade Gate |
| 9:01 | Create | Scout Cavalry |
| 9:01 | Create | Scout Cavalry |
| 9:06 | Create | Spearman |
| 9:10 | Build | Palisade Wall |
| 9:12 | Build | Palisade Wall |
| 9:15 | Build | Palisade Wall |
| 9:15 | Build | Palisade Wall |
| 9:21 | Build | Palisade Wall |
| 9:23 | Build | Blacksmith |
| 9:30 | Build | Farm |
| 9:33 | Create | Villager (Male) |
| 9:42 | Create | Scout Cavalry |
| 9:43 | Create | Scout Cavalry |
| 9:44 | Create | Villager (Male) |
| 9:46 | Build | Farm |
| 9:59 | Build | Farm |
| 10:15 | Build | Farm |
| 10:26 | Create | Villager (Male) |
| 10:32 | Build | Palisade Wall |
| 10:35 | Build | Palisade Wall |
| 10:37 | Create | Villager (Male) |
| 10:37 | Create | Villager (Male) |
| 10:42 | Build | Palisade Wall |
| 10:53 | Create | Villager (Male) |
| 10:58 | Build | Farm |
| 11:01 | Build | Farm |
| 11:08 | Build | Mining Camp |
| 11:15 | Build | House |
| 11:19 | Build | House |
| 11:36 | Build | House |
| 11:43 | Create | Villager (Male) |
| 12:09 | Create | Villager (Male) |
| 12:14 | Build | House |
| 12:17 | Build | House |
| 12:18 | Build | House |
| 12:22 | Create | Villager (Male) |
| 12:24 | Build | Farm |
| 12:26 | Build | Farm |
| 12:49 | Create | Villager (Male) |
| 12:52 | Build | Farm |
| 13:00 | Create | Villager (Male) |
| 13:05 | Build | Farm |
| 13:15 | Create | Villager (Male) |
| 13:30 | Create | Villager (Male) |
| 13:50 | Create | Villager (Male) |
| 13:53 | Build | House |
| 13:56 | Create | Villager (Male) |
| 14:00 | Build | Farm |
| 14:01 | Build | Farm |
| 14:04 | Build | House |
| 14:16 | Create | Villager (Male) |
| 14:45 | Create | Villager (Male) |
| 14:56 | Create | Villager (Male) |
| 14:58 | Create | Villager (Male) |
| 15:12 | Research | Castle Age |
| 15:12 | Research | Castle Age |
| 15:26 | Research | Gold Mining |
| 15:35 | Build | Archery Range |
| 15:52 | Research | Fletching |
| 16:23 | Build | Archery Range |
| 16:41 | Create | Villager (Male) |
| 16:47 | Build | Palisade Wall |
| 17:17 | Build | Palisade Wall |
| 17:19 | Build | Palisade Wall |
| 17:27 | Research | Padded Archer Armor |
| 17:40 | Build | House |
| 17:53 | Age | Castle Age |
| 17:56 | Research | Thumb Ring |
| 17:58 | Research | Light Cavalry (upgrade) |
| 18:01 | Research | Husbandry |
| 18:03 | Create | Elephant Archer |
| 18:04 | Create | Elephant Archer |
| 18:11 | Build | Farm |
| 18:16 | Build | Town Center |
| 18:22 | Create | Villager (Male) |
| 18:31 | Create | Elephant Archer |
| 18:46 | Create | Elephant Archer |
| 18:56 | Create | Villager (Male) |
| 19:11 | Build | Town Center |
| 19:13 | Create | Villager (Male) |
| 19:29 | Create | Elephant Archer |
| 19:38 | Create | Villager (Male) |
| 19:39 | Create | Villager (Male) |
| 20:01 | Build | Market |
| 20:02 | Create | Villager (Male) |
| 20:03 | Create | Villager (Male) |
| 20:03 | Create | Villager (Male) |
| 20:13 | Create | Villager (Male) |
| 20:17 | Create | Elephant Archer |
| 20:58 | Create | Elephant Archer ×2 |
| 20:58 | Create | Elephant Archer |
| 20:58 | Create | Elephant Archer |
| 21:19 | Build | Monastery |
| 21:19 | Create | Villager (Male) |
| 21:19 | Create | Villager (Male) |
| 21:29 | Build | Monastery |
| 21:40 | Create | Villager (Male) |
| 21:40 | Create | Villager (Male) |
| 21:46 | Build | Farm |
| 21:47 | Build | Farm |
| 21:50 | Build | Farm |
| 21:51 | Build | Farm |
| 21:51 | Build | Farm |
| 21:51 | Build | Farm |
| 21:51 | Build | Farm |
| 21:57 | Research | Bodkin Arrow |
| 22:12 | Create | Villager (Male) |
| 22:12 | Create | Villager (Male) |
| 22:12 | Create | Villager (Male) |
| 22:16 | Build | House |
| 22:17 | Create | Villager (Male) |
| 22:28 | Create | Elephant Archer |
| 22:28 | Create | Elephant Archer |
| 22:47 | Create | Monk |
Match timeline
| 3:50 | [BieSt] Bienenkönigin · first_building Dock |
| 3:52 | [BieSt] Bienenkönigin · wall_segment Palisade Wall x1 |
| 3:55 | [BieSt] Bienenkönigin · wall_segment Palisade Wall x1 |
| 4:03 | Mongolsbiene · first_building Dock |
| 4:13 | TAG_Sitaux · first_building Dock |
| 4:14 | TAG_Sitaux · wall_segment Palisade Wall x1 |
| 4:15 | TAG_Sitaux · wall_segment Palisade Wall x1 |
| 4:22 | Mongolsbiene · wall_segment Palisade Wall x1 |
| 5:25 | TAG_Sitaux · wall_segment Palisade Wall x1 |
| 5:26 | TAG_Sitaux · wall_segment Palisade Wall x1 |
| 5:54 | Mongolsbiene · wall_segment Palisade Wall x1 |
| 7:05 | Smiley · first_building Barracks |
| 7:54 | TAG_Sitaux · wall_segment Palisade Wall x2 |
| 7:56 | TAG_Sitaux · wall_segment Palisade Wall x6 |
| 8:14 | Smiley · age_up feudal |
| 8:18 | Smiley · first_building Stable |
| 9:04 | TAG_Sitaux · wall_segment Palisade Wall x2 |
| 9:04 | TAG_Sitaux · wall_segment Palisade Wall x4 |
| 9:10 | Smiley · wall_segment Palisade Wall x1 |
| 9:12 | Smiley · wall_segment Palisade Wall x3 |
| 9:15 | Smiley · wall_segment Palisade Wall x1 |
| 9:15 | Smiley · wall_segment Palisade Wall x1 |
| 9:21 | Smiley · wall_segment Palisade Wall x1 |
| 9:40 | TAG_Sitaux · wall_segment Palisade Wall x1 |
| 10:01 | [BieSt] Bienenkönigin · age_up feudal |
| 10:32 | Smiley · wall_segment Palisade Wall x1 |
| 10:35 | Smiley · wall_segment Palisade Wall x3 |
| 10:42 | TAG_Sitaux · wall_segment Palisade Wall x4 |
| 10:42 | Smiley · wall_segment Palisade Wall x1 |
| 10:45 | [BieSt] Bienenkönigin · wall_segment Palisade Wall x12 |
| 11:05 | TAG_Sitaux · age_up feudal |
| 11:05 | TAG_Sitaux · wall_segment Palisade Wall x8 |
| 11:20 | TAG_Sitaux · wall_segment Palisade Wall x1 |
| 11:27 | TAG_Sitaux · wall_segment Palisade Wall x1 |
| 11:58 | Mongolsbiene · age_up feudal |
| 12:06 | [BieSt] Bienenkönigin · wall_segment Palisade Wall x1 |
| 12:07 | [BieSt] Bienenkönigin · wall_segment Palisade Wall x1 |
| 12:29 | [BieSt] Bienenkönigin · wall_segment Palisade Wall x6 |
| 12:36 | Mongolsbiene · first_building Barracks |
| 13:12 | Mongolsbiene · wall_segment Palisade Wall x7 |
| 13:12 | Mongolsbiene · wall_segment Palisade Wall x1 |
| 14:01 | TAG_Sitaux · wall_segment Palisade Wall x1 |
| 14:02 | TAG_Sitaux · wall_segment Palisade Wall x1 |
| 14:26 | TAG_Sitaux · wall_segment Palisade Wall x1 |
| 14:28 | TAG_Sitaux · wall_segment Palisade Wall x1 |
| 15:06 | TAG_Sitaux · age_up castle |
| 15:35 | Smiley · first_building Archery Range |
| 15:46 | TAG_Sitaux · first_market_buy 100 wood |
| 15:50 | [BieSt] Bienenkönigin · wall_segment Palisade Wall x1 |
| 16:07 | Mongolsbiene · age_up castle |
| 16:47 | Smiley · wall_segment Palisade Wall x1 |
| 17:17 | Smiley · wall_segment Palisade Wall x1 |
| 17:19 | Smiley · wall_segment Palisade Wall x1 |
| 17:53 | Smiley · age_up castle |
| 19:35 | [BieSt] Bienenkönigin · age_up castle |
| 21:19 | Smiley · first_building Monastery |
| 21:49 | [BieSt] Bienenkönigin · first_market_buy 100 stone |
| 21:54 | [BieSt] Bienenkönigin · wall_segment Stone Wall x14 |
| 21:56 | Smiley · first_market_buy 100 food |
| 22:59 | TAG_Sitaux · wall_segment Palisade Wall x1 |
| 23:09 | [BieSt] Bienenkönigin · first_building Barracks |
| 23:09 | TAG_Sitaux · first_building Siege Workshop |
| 23:17 | TAG_Sitaux · first_building Donjon |
| 23:46 | Smiley · first_market_sell 100 wood |
| 24:26 | [BieSt] Bienenkönigin · first_building Archery Range |
| 25:28 | [BieSt] Bienenkönigin · first_building Castle |
| 26:35 | TAG_Sitaux · first_building Monastery |
| 26:38 | Mongolsbiene · first_building Stable |
| 28:23 | [BieSt] Bienenkönigin · first_market_sell 100 wood |
| 29:27 | TAG_Sitaux · first_building Barracks |
| 31:44 | Mongolsbiene · resign |
[ AI ANALYSIS · 1 CREDIT ]
What really happened in this match?
Wolo.gg analyzes every decision: build order, eco, micro, common mistakes by bracket. Personalized analysis on WhatsApp or Discord in 30 seconds.
Civ guide
Burgundians
Perfil
Jugador #2687195